TOP OF THE 1ST |
Hartford Darth Whalers batting - Pitching for Weslaco Chiefs : RHP Luis Torres
|
Pitching: RHP Luis Torres
|
|
Batting: RHB José Rosales
|
0-0: Ball 1-0: Foul Ball, location: 2F 1-1: Ball 2-1: Ball 3-1: Foul Ball, location: 2F 3-2: Ground out 5-3 (Groundball, 5)
|
Batting: SHB Manuel Jiménez
|
0-0: SINGLE (Line Drive, 34D)
|
Batting: LHB Júlio Córdova
|
0-0: Ball 1-0: SINGLE (Groundball, 6MD) Manuel Jiménez to second
|
Batting: RHB Sergio Calderón
|
0-0: Grounds into double play, 5-4-3 (Groundball, 56)
|
Top of the 1st over - 0 run(s), 2 hit(s), 0 error(s), 1 left on base; Hartford 0 - Weslaco 0 |
BOTTOM OF THE 1ST |
Weslaco Chiefs batting - Pitching for Hartford Darth Whalers : RHP Arthur Melton
|
Pitching: RHP Arthur Melton
|
|
Batting: LHB Alberto Varela
|
0-0: Ball 1-0: Ball 2-0: Bunted foul 2-1: Ball 3-1: Foul Ball, location: 2F 3-2: Base on Balls
|
Batting: RHB Germán Romero
|
0-0: Hit by Pitch Alberto Varela to second
|
Batting: LHB Jeff Forsyth
|
0-0: Ball 1-0: Ball 2-0: Grounds into double play, 6-4-3 (Groundball, 6) Alberto Varela to third
|
Batting: LHB Ralph Cobb
|
0-0: Reached on Error, E7 (Flyball, 78S) Alberto Varela scores
|
Batting: RHB Jorge Longoria
|
0-0: Ball 1-0: Foul Ball, location: 2F 1-1: Called Strike 1-2: Ball 2-2: Ball 3-2: SINGLE (Groundball, 56D) (infield hit) Ralph Cobb to third
|
Batting: RHB Rob Byrd
|
0-0: Swinging Strike Pickoff Throw by Catcher to First - Error! E2 Ralph Cobb scores Jorge Longoria to second 0-1: Foul Ball, location: 2F 0-2: Strikes out swinging
|
Bottom of the 1st over - 2 run(s), 1 hit(s), 2 error(s), 1 left on base; Hartford 0 - Weslaco 2 |
TOP OF THE 2ND |
Hartford Darth Whalers batting - Pitching for Weslaco Chiefs : RHP Luis Torres
|
Batting: LHB Carlos Estrada
|
0-0: Foul Ball, location: 2F 0-1: Swinging Strike 0-2: Ball 1-2: Foul Ball, location: 2F 1-2: Ball 2-2: Foul Ball, location: 2F 2-2: SINGLE (Flyball, 7S)
|
Batting: RHB Vaughan Tillman
|
0-0: Ball 1-0: Called Strike 1-1: Ball Wild Pitch! Carlos Estrada to second 2-1: Swinging Strike 2-2: Strikes out looking
|
Batting: RHB Christian Moss
|
0-0: 2-RUN HOME RUN (Flyball, 78XD), Distance : 413 ft
|
Batting: LHB Will Chapman
|
0-0: Called Strike 0-1: Swinging Strike 0-2: Strikes out swinging
|
Batting: RHB Gilbert Bright
|
0-0: Called Strike 0-1: Ball 1-1: Fly out, F6 (Popup, 6)
|
Top of the 2nd over - 2 run(s), 2 hit(s), 0 error(s), 0 left on base; Hartford 2 - Weslaco 2 |
BOTTOM OF THE 2ND |
Weslaco Chiefs batting - Pitching for Hartford Darth Whalers : RHP Arthur Melton
|
Batting: RHB Bartolo Chono
|
0-0: Ball 1-0: Ball 2-0: Foul Ball, location: 2F 2-1: Ball 3-1: SINGLE (Groundball, 4MD)
|
Batting: RHB Carlos Miranda
|
0-0: Ball 1-0: SINGLE (Groundball, 6) Bartolo Chono to second
|
Batting: RHB Ron Newcombe
|
0-0: SINGLE (Line Drive, 56D) Bartolo Chono to third Carlos Miranda to second Runner from 3rd tries for Home, SAFE, throw made home Carlos Miranda to third Ron Newcombe to second
|
Batting: LHB Alberto Varela
|
0-0: Ball 1-0: Ball 2-0: Called Strike 2-1: Called Strike 2-2: SINGLE (Line Drive, 34S) Carlos Miranda scores Ron Newcombe to third Runner from 3rd tries for Home, SAFE, no throw or cutoff
|
Batting: RHB Germán Romero
|
0-0: Called Strike 0-1: Ball 1-1: Swinging Strike 1-2: Foul Ball, location: 2F 1-2: Ball 2-2: Foul Ball, location: 2F 2-2: Strikes out looking
|
Batting: LHB Jeff Forsyth
|
0-0: Ball 1-0: Called Strike 1-1: Ball 2-1: Called Strike 2-2: Ball 3-2: SINGLE (Line Drive, 56) Alberto Varela to second
|
Batting: LHB Ralph Cobb
|
0-0: Ball 1-0: Fielders Choice at 2nd, 4-6 (Groundball, 34) Alberto Varela to third
|
Batting: RHB Jorge Longoria
|
0-0: Ball 1-0: SINGLE (Groundball, 4MD) Alberto Varela scores Ralph Cobb to second
|
Batting: RHB Rob Byrd
|
0-0: Ball 1-0: Ball 2-0: Called Strike 2-1: Swinging Strike 2-2: Fly out, F9 (Flyball, 9S)
|
Bottom of the 2nd over - 4 run(s), 6 hit(s), 0 error(s), 2 left on base; Hartford 2 - Weslaco 6 |
TOP OF THE 3RD |
Hartford Darth Whalers batting - Pitching for Weslaco Chiefs : RHP Luis Torres
|
Batting: RHB José Rosales
|
0-0: Ground out 5-3 (Groundball, 56)
|
Batting: SHB Manuel Jiménez
|
0-0: Called Strike 0-1: Ball 1-1: Called Strike 1-2: Strikes out looking
|
Batting: LHB Júlio Córdova
|
0-0: Swinging Strike 0-1: Ball 1-1: Ground out U3 (Groundball, 3)
|
Top of the 3rd over - 0 run(s), 0 hit(s), 0 error(s), 0 left on base; Hartford 2 - Weslaco 6 |
BOTTOM OF THE 3RD |
Weslaco Chiefs batting - Pitching for Hartford Darth Whalers : RHP Arthur Melton
|
Batting: RHB Bartolo Chono
|
0-0: Ball 1-0: Ball 2-0: Called Strike 2-1: Called Strike 2-2: Strikes out swinging
|
Batting: RHB Carlos Miranda
|
0-0: Ball 1-0: Called Strike 1-1: Ball 2-1: SINGLE (Line Drive, 56)
|
Batting: RHB Ron Newcombe
|
0-0: SINGLE (Flyball, 8LS) Carlos Miranda to second
|
Batting: LHB Alberto Varela
|
0-0: DOUBLE (Line Drive, 8LM) Carlos Miranda scores Ron Newcombe to third Runner from 3rd tries for Home, throw and OUT! Alberto Varela to third
|
Batting: RHB Germán Romero
|
0-0: Ball 1-0: Swinging Strike 1-1: Ball 2-1: Called Strike 2-2: Ground out 6-3 (Groundball, 6)
|
Bottom of the 3rd over - 1 run(s), 3 hit(s), 0 error(s), 1 left on base; Hartford 2 - Weslaco 7 |
TOP OF THE 4TH |
Hartford Darth Whalers batting - Pitching for Weslaco Chiefs : RHP Luis Torres
|
Batting: RHB Sergio Calderón
|
0-0: Called Strike 0-1: Fly out, F3 (Popup, 3S)
|
Batting: LHB Carlos Estrada
|
0-0: Foul Ball, location: 2F 0-1: Called Strike 0-2: Ball 1-2: Ball 2-2: Strikes out swinging
|
Batting: RHB Vaughan Tillman
|
0-0: Ball 1-0: Ground out 6-3 (Groundball, 6)
|
Top of the 4th over - 0 run(s), 0 hit(s), 0 error(s), 0 left on base; Hartford 2 - Weslaco 7 |
BOTTOM OF THE 4TH |
Weslaco Chiefs batting - Pitching for Hartford Darth Whalers : RHP Arthur Melton
|
Batting: LHB Jeff Forsyth
|
0-0: Ball 1-0: Ball 2-0: Ball 3-0: Base on Balls
|
Batting: LHB Ralph Cobb
|
0-0: Ball 1-0: SINGLE (Line Drive, 6MD) Jeff Forsyth to second
|
Batting: RHB Jorge Longoria
|
0-0: Ball 1-0: Foul Ball, location: 2F 1-1: Foul Ball, location: 2F 1-2: Ball 2-2: Foul Ball, location: 2F 2-2: Ball 3-2: Foul Ball, location: 2F 3-2: Fielders Choice at 2nd, 6-4 (Groundball, 6M) Jeff Forsyth to third
|
Pitching: RHP Jerry Catron
|
|
Batting: RHB Rob Byrd
|
0-0: Foul Ball, location: 2F 0-1: Ball 1-1: Ball Jorge Longoria steals 2nd base 2-1: Swinging Strike 2-2: Foul Ball, location: 2F 2-2: Foul Ball, location: 2F 2-2: Foul Ball, location: 2F 2-2: Strikes out swinging
|
Batting: RHB Bartolo Chono
|
0-0: SINGLE (Groundball, 56S) Jeff Forsyth scores Jorge Longoria to third Runner from 3rd tries for Home, SAFE, no throw or cutoff
|
Batting: RHB Carlos Miranda
|
0-0: Ball 1-0: Ball 2-0: Called Strike 2-1: Ball 3-1: Foul Ball, location: 2F 3-2: Foul Ball, location: 2F 3-2: SINGLE (Line Drive, 89S) Bartolo Chono to second Bartolo Chono to third
|
Batting: RHB Ron Newcombe
|
0-0: Foul Ball, location: 2F 0-1: Ball 1-1: Ball 2-1: Swinging Strike 2-2: Ball 3-2: Foul Ball, location: 2F 3-2: Base on Balls Carlos Miranda to second
|
Batting: LHB Alberto Varela
|
0-0: SINGLE (Groundball, 34) Bartolo Chono scores Carlos Miranda to third Ron Newcombe to second Runner from 3rd tries for Home, SAFE, no throw or cutoff
|
Batting: RHB Germán Romero
|
0-0: Ball 1-0: Swinging Strike 1-1: Foul Ball, location: 2F 1-2: Ball 2-2: Strikes out swinging
|
Bottom of the 4th over - 4 run(s), 4 hit(s), 0 error(s), 2 left on base; Hartford 2 - Weslaco 11 |
TOP OF THE 5TH |
Hartford Darth Whalers batting - Pitching for Weslaco Chiefs : RHP Luis Torres
|
Batting: RHB Christian Moss
|
0-0: Called Strike 0-1: Ball 1-1: Foul Ball, location: 2F 1-2: Strikes out swinging
|
Batting: LHB Will Chapman
|
0-0: Called Strike 0-1: Foul Ball, location: 2F 0-2: Ball 1-2: Strikes out swinging
|
Batting: RHB Gilbert Bright
|
0-0: Ball 1-0: Foul Ball, location: 2F 1-1: Foul Ball, location: 2F 1-2: Ball 2-2: DOUBLE (Line Drive, 89M)
|
Batting: RHB José Rosales
|
0-0: Ball 1-0: Called Strike 1-1: Ball 2-1: Swinging Strike 2-2: Strikes out swinging
|
Top of the 5th over - 0 run(s), 1 hit(s), 0 error(s), 1 left on base; Hartford 2 - Weslaco 11 |
BOTTOM OF THE 5TH |
Weslaco Chiefs batting - Pitching for Hartford Darth Whalers : RHP Jerry Catron
|
Batting: LHB Jeff Forsyth
|
0-0: Fly out, F5 (Popup, 5SF)
|
Batting: LHB Ralph Cobb
|
0-0: Ball 1-0: SINGLE (Line Drive, 8RS)
|
Batting: RHB Jorge Longoria
|
0-0: Ball Ralph Cobb steals 2nd base 1-0: Ball 2-0: Swinging Strike 2-1: Fly out, F4 (Line Drive, 4)
|
Batting: RHB Rob Byrd
|
0-0: Foul Ball, location: 2F 0-1: Ball 1-1: Foul Ball, location: 2F 1-2: Foul Ball, location: 2F 1-2: Ball 2-2: SINGLE (Groundball, 23) (infield hit) Ralph Cobb to third
|
Batting: RHB Bartolo Chono
|
0-0: Called Strike 0-1: Swinging Strike 0-2: Fly out, F8 (Flyball, 8RM)
|
Bottom of the 5th over - 0 run(s), 2 hit(s), 0 error(s), 2 left on base; Hartford 2 - Weslaco 11 |
TOP OF THE 6TH |
Hartford Darth Whalers batting - Pitching for Weslaco Chiefs : RHP Luis Torres
|
Batting: SHB Manuel Jiménez
|
0-0: Swinging Strike 0-1: Ground out 4-3 (Groundball, 4)
|
Batting: LHB Júlio Córdova
|
0-0: Swinging Strike 0-1: Called Strike 0-2: Strikes out swinging
|
Batting: RHB Sergio Calderón
|
0-0: Called Strike 0-1: Ground out 6-3 (Groundball, 6)
|
Top of the 6th over - 0 run(s), 0 hit(s), 0 error(s), 0 left on base; Hartford 2 - Weslaco 11 |
BOTTOM OF THE 6TH |
Weslaco Chiefs batting - Pitching for Hartford Darth Whalers : RHP Jerry Catron
|
Batting: RHB Carlos Miranda
|
0-0: Ball 1-0: Called Strike 1-1: Called Strike 1-2: Ball 2-2: Ball 3-2: Base on Balls
|
Pitching: RHP Esteban Muñóz
|
|
Batting: RHB Ron Newcombe
|
0-0: Called Strike 0-1: Called Strike 0-2: Ball 1-2: Strikes out swinging
|
Batting: LHB Alberto Varela
|
0-0: Ball 1-0: Called Strike 1-1: Called Strike 1-2: Ball 2-2: Ball 3-2: Base on Balls Carlos Miranda to second
|
Batting: RHB Germán Romero
|
0-0: Ball 1-0: Called Strike 1-1: Ball 2-1: Grounds into double play, 4-6-3 (Groundball, 34)
|
Bottom of the 6th over - 0 run(s), 0 hit(s), 0 error(s), 1 left on base; Hartford 2 - Weslaco 11 |
TOP OF THE 7TH |
Hartford Darth Whalers batting - Pitching for Weslaco Chiefs : RHP Luis Torres
|
Batting: LHB Carlos Estrada
|
0-0: Called Strike 0-1: SINGLE (Flyball, 7LS)
|
Batting: RHB Vaughan Tillman
|
0-0: Ball 1-0: Ball 2-0: Called Strike 2-1: Called Strike 2-2: Ball 3-2: Strikes out swinging
|
Batting: RHB Christian Moss
|
0-0: Called Strike Carlos Estrada steals 2nd base 0-1: Ground out 5-3 (Groundball, 5L)
|
Pitching: RHP Sixto Domínguez
|
|
Batting: LHB Will Chapman
|
0-0: Called Strike 0-1: Called Strike 0-2: Ball 1-2: Strikes out swinging
|
Top of the 7th over - 0 run(s), 1 hit(s), 0 error(s), 1 left on base; Hartford 2 - Weslaco 11 |
BOTTOM OF THE 7TH |
Weslaco Chiefs batting - Pitching for Hartford Darth Whalers : RHP Esteban Muñóz
|
Batting: LHB Jeff Forsyth
|
0-0: Fly out, F7 (Flyball, 7M)
|
Batting: LHB Ralph Cobb
|
0-0: Ball 1-0: Ground out 6-3 (Groundball, 6M)
|
Batting: RHB Jorge Longoria
|
0-0: Called Strike 0-1: DOUBLE (Line Drive, 7LM)
|
Batting: RHB Rob Byrd
|
0-0: Called Strike 0-1: Called Strike 0-2: Ball Balk! Jorge Longoria to third 1-2: Ball 2-2: SINGLE (Groundball, 5S) Jorge Longoria scores
|
Batting: RHB Bartolo Chono
|
0-0: Ball 1-0: Called Strike 1-1: Called Strike 1-2: Ball 2-2: Reached on error, E5 (Groundball, 5S) Rob Byrd to third
|
Batting: RHB Carlos Miranda
|
0-0: Called Strike 0-1: Ball 1-1: Called Strike 1-2: Ball 2-2: Strikes out swinging
|
Bottom of the 7th over - 1 run(s), 2 hit(s), 1 error(s), 2 left on base; Hartford 2 - Weslaco 12 |
TOP OF THE 8TH |
Hartford Darth Whalers batting - Pitching for Weslaco Chiefs : RHP Sixto Domínguez
|
Batting: RHB Gilbert Bright
|
0-0: Foul Ball, location: 2F 0-1: Fly out, F7 (Flyball, 7S)
|
Batting: RHB José Rosales
|
0-0: Foul Ball, location: 2F 0-1: Ground out 5-3 (Groundball, 5L)
|
Batting: SHB Manuel Jiménez
|
0-0: Swinging Strike 0-1: Ball 1-1: Foul Ball, location: 2F 1-2: Ball 2-2: Strikes out swinging
|
Top of the 8th over - 0 run(s), 0 hit(s), 0 error(s), 0 left on base; Hartford 2 - Weslaco 12 |
BOTTOM OF THE 8TH |
Weslaco Chiefs batting - Pitching for Hartford Darth Whalers : RHP Esteban Muñóz
|
Batting: RHB Ron Newcombe
|
0-0: Called Strike 0-1: Ball 1-1: Swinging Strike 1-2: Strikes out swinging
|
Batting: LHB Alberto Varela
|
0-0: Ball 1-0: Swinging Strike 1-1: Ball 2-1: Foul Ball, location: 2F 2-2: Ground out 5-3 (Groundball, 56)
|
Batting: RHB Germán Romero
|
0-0: Ball 1-0: Fly out, F9 (Line Drive, 9S)
|
Bottom of the 8th over - 0 run(s), 0 hit(s), 0 error(s), 0 left on base; Hartford 2 - Weslaco 12 |
TOP OF THE 9TH |
Hartford Darth Whalers batting - Pitching for Weslaco Chiefs : RHP Sixto Domínguez
|
Batting: LHB Júlio Córdova
|
0-0: Ball 1-0: Ball 2-0: Ball 3-0: Called Strike 3-1: Base on Balls
|
Batting: RHB Sergio Calderón
|
0-0: Called Strike 0-1: Fly out, F8 (Flyball, 8RM)
|
Batting: LHB Carlos Estrada
|
0-0: Ball 1-0: Ball 2-0: DOUBLE (Line Drive, 89S) Júlio Córdova to third Runner from 3rd tries for Home, throw and OUT! Carlos Estrada to third
|
Batting: RHB Vaughan Tillman
|
0-0: Fly out, F4 (Popup, 34)
|
Top of the 9th over - 0 run(s), 1 hit(s), 0 error(s), 1 left on base; Hartford 2 - Weslaco 12 |
|